 Dungeon Crawl Stone Soup version 0.24-b1-44-g37ad8b309f (webtiles) character file.

Game seed: 3872931462169158109, levelgen mode: deterministic

284 Ruokin the Slasher (level 6, -4/48 HPs)
             Began as a Human Berserker on Oct 24, 2019.
             Was a Believer of Trog.
             Slain by a gnoll
             ... wielding a +2 halberd of distortion
              (7 damage)
             ... on level 3 of the Dungeon.
             The game lasted 00:07:12 (2083 turns).

Ruokin the Slasher (Human Berserker)                Turns: 2083, Time: 00:07:12

Health: -4/48      AC:  5    Str: 20    XL:     6   Next: 55%
Magic:  6/6        EV: 12    Int:  7    God:    Trog [**....]
Gold:   124        SH:  0    Dex: 12    Spells: 5/5 levels left

rFire    . . .     SeeInvis .   m - +0 long sword
rCold    . . .     Gourm    .   (no shield)
rNeg     . . .     Faith    .   d - +0 ring mail
rPois    .         Spirit   .   (no helmet)
rElec    .         Reflect  .   a - scarf {repulsion}
rCorr    +         Harm     .   (no gloves)
MR       .....                  (no boots)
Stlth    +.........             (no amulet)
HPRegen  0.16/turn              j - ring of resist corrosion
MPRegen  0.10/turn              (no ring)

@: about to teleport, repel missiles
A: no striking features
a: Berserk, Trog's Hand, Renounce Religion


You were on level 3 of the Dungeon.
You worshipped Trog.
Trog was pleased with you.
You were not hungry.

You visited 1 branch of the dungeon, and saw 3 of its levels.

You collected 124 gold pieces.

Inventory:

Hand Weapons
 m - a +0 long sword (weapon)
 p - a +0 scythe of venom
Armour
 a - a scarf of repulsion (worn)
 d - a +0 ring mail (worn)
Jewellery
 j - a ring of resist corrosion (left hand)
Wands
 o - a wand of scattershot (3)
Scrolls
 b - 2 scrolls of identify
 e - a scroll of magic mapping
 g - a scroll of enchant weapon {unknown}
 h - 3 scrolls of fear {unknown}
 k - a scroll of immolation {unknown}
 n - 2 scrolls of remove curse
Potions
 f - a potion of agility {unknown}
 i - a potion of might {unknown}
 l - a potion of heal wounds {unknown}
Comestibles
 c - 10 rations


   Skills:
 * Level 4.0 Fighting
 * Level 5.5 Long Blades
 + Level 2.9 Armour
 + Level 2.6 Dodging


You had 5 spell levels left.
You didn't know any spells.
Your spell library was empty.

Dungeon Overview and Level Annotations

Branches:
Dungeon (3/15)

Altars:
Ru


Message History

The gnoll hits you with a +0 halberd.
You are too injured to fight recklessly!
You are too injured to fight recklessly!
You are too injured to fight recklessly!
You are too injured to fight recklessly!
Okay, then.
You hit the gnoll.
You kill the gnoll!
Trog accepts your kill.
The gnoll hits you from afar with a +2 halberd of distortion.
You feel strangely unstable.
The gnoll hits you with a +2 halberd of distortion!
* * * LOW HITPOINT WARNING * * *
Space bends around you.
* * * LOW HITPOINT WARNING * * *
You see here a +0 halberd.
You slash the gnoll!
The gnoll is heavily wounded.
The gnoll hits you with a +2 halberd of distortion!
You die...

#.........# #.#
#....>....# #.#
...........#
#.#
............#
#..
............#
###
...........####
#.. #g# #@# #)#
##### #.# .....
#.# #### #.# #
#.# # #.# # #.#
# #.#


You could see a gnoll.

Vanquished Creatures
  Sigmund (D:3)
  7 adders
  2 gnolls (D:3)
  2 worms
  A dart slug (D:2)
  7 orcs (D:3)
  A ball python (D:3)
  5 bats
  6 goblins
  3 hobgoblins
  2 quokkas
  4 frilled lizards
  4 kobolds
  6 rats
51 creatures vanquished.

Notes
Turn   | Place    | Note
-------+----------+-------------------------------------------
     0 | D:1      | Ruokin the Human Berserker began the quest for the Orb.
     0 | D:1      | Reached XP level 1. HP: 18/18 MP: 1/1
   113 | D:1      | Reached XP level 2. HP: 21/24 MP: 2/2
   587 | D:2      | Found a sacrificial altar of Ru.
   649 | D:2      | Reached XP level 3. HP: 23/29 MP: 3/3
  1000 | D:2      | Reached XP level 4. HP: 29/35 MP: 4/4
  1144 | D:2      | Reached skill level 4 in Long Blades
  1698 | D:3      | Noticed Sigmund
  1703 | D:3      | Killed Sigmund
  1703 | D:3      | Reached ** piety under Trog
  1703 | D:3      | Reached skill level 5 in Long Blades
  1703 | D:3      | Reached XP level 5. HP: 35/42 MP: 5/5
  1703 | D:3      | Reached XP level 6. HP: 40/48 MP: 6/6
  2027 | D:3      | Found a faded altar of an unknown god.
  2083 | D:3      | Slain by a gnoll

Skill      XL: |  1  2  3  4  5  6 |
---------------+-------------------+-----
Long Blades    | 5 |  5.5
Fighting       | 4 |  4.0
Armour         | |  2.9
Dodging        | |  2.6

Action                   |  1- 3 |  4- 6 || total
-------------------------+-------+-------++-------
Melee: Falchion          |    64 |    26 ||    90
       Long sword        |       |    43 ||    43
Invok: Berserk           |     1 |     1 ||     2
       Trog's Hand       |       |     1 ||     1
  Use: Scroll            |     3 |       ||     3
  Eat: Ration            |     1 |     1 ||     2
Armor: Ring mail         |    36 |    28 ||    64
       Animal skin       |     1 |       ||     1
Dodge: Dodged            |    58 |    43 ||   101
       Deflected         |       |     1 ||     1
       Rpst.: Falchion   |    13 |     5 ||    18
       Long sword        |       |    10 ||    10
